 Dungeon Crawl Stone Soup version 0.31-a0-978-g1e143483b6 (webtiles) character file.

Game seed: 11260683574847028100

177 Xavori the Trooper (level 5, -9/45 HPs)
             Began as a Djinni Chaos Knight on Oct 31, 2023.
             Was a Plaything of Xom.
             Killed by divine providence
             ... invoked by an orc priest
              (13 damage)
             ... on level 3 of the Dungeon.
             The game lasted 00:02:08 (10106 turns).

Xavori the Trooper (Djinni Chaos Knight)           Turns: 10106, Time: 00:02:08

Health: -9/45      AC:  8    Str: 15    XL:     5   Next: 88%
Gold:   35         EV: 12    Int: 11    God:    Xom [.....*] SH:  0 Dex: 13

rFire   + + .        a - +0 falchion (chaos)
rCold   x . .        (no shield)
rNeg    . . .        b - +2 leather armour
rPois   ∞            j - +0 helmet
rElec   .            (no cloak)
rCorr   .            (no gloves)
SInv    +            (boots unavailable)
Will    .....        l - amulet of faith
Stlth   +            (no ring)
HPRegen 0.27/turn    (no ring)
MPRegen 0.00/turn

%: clarity, faith, infuse magic (-10 HP)
@: flying
A: sickness immunity, fire resistance 2, cold vulnerability 1, float, innate
caster, HP casting, extra vitality 1, iridescent scales 1, see invisible,
clarity, dopey 1, mutation resistance 1, sense surroundings 1, robust 1,
screaming 1, strong 1, inability to read after injury 1, MP-powered wands
a: Renounce Religion


You were on level 3 of the Dungeon.
You worshipped Xom.
You were Xom's teddy bear.
You visited 1 branch of the dungeon, and saw 3 of its levels.

You collected 35 gold pieces.

Inventory:

Hand Weapons
 a - a +0 falchion of chaos (weapon)
Armour
 b - a +2 leather armour (worn)
 j - a +0 helmet (worn)
Jewellery
 l - an amulet of faith (around neck)
Scrolls
 c - a scroll of butterflies
 d - 5 scrolls of identify {unknown}
 e - 3 scrolls of teleportation {unknown}
 f - a scroll of noise {unknown}
 g - a scroll of brand weapon {unknown}
 i - a scroll of blinking {unknown}
 k - 4 scrolls of vulnerability {unknown}
Potions
 h - a potion of curing {unknown}
 m - a potion of degeneration {unknown}


   Skills:
 + Level 3.7 Fighting
 + Level 3.3 Long Blades
 + Level 2.3 Armour
 + Level 3.2 Dodging
 * Level 1.7 Spellcasting
 * Level 1.7 Conjurations
 * Level 1.7 Hexes
   Level 0.0 Charms
 * Level 1.7 Summonings
 * Level 1.7 Necromancy
 * Level 1.7 Translocations
 * Level 1.7 Transmutations
 * Level 1.7 Fire Magic
 * Level 1.7 Ice Magic
 * Level 1.7 Air Magic
 * Level 1.7 Earth Magic
 * Level 1.7 Poison Magic


You knew the following spells:

 Your Spells              Type           Power      Damage    Failure   Level
a - Sting                 Tmut/Pois      16%        1d3       19%         1
b - Momentum Strike       Conj/Tloc      8%         3d8       28%         2
Your spell library was empty.

Dungeon Overview and Level Annotations

Branches:
Dungeon (3/15)

Altars:


Innate Abilities, Weirdness & Mutations

You are immune to sickness and miasma.
You are immune to poison.
Your flesh is very heat resistant. (rF++)
You are vulnerable to cold. (rC-)
You float through the air rather than walking.
You learn spells naturally, not from books.
Your magical power is your life essence.
You have superior vitality. (+4 MHP)
You are partially covered in iridescent scales. (AC +2)
You have supernaturally acute eyesight. (SInv)
You possess an exceptional clarity of mind.
You are dopey. (Int -2)
You are somewhat resistant to further mutation.
You passively map a small area around you.
You are robust. (+10% HP)
You occasionally shout uncontrollably at your foes.
Your muscles are strong. (Str +4, Int/Dex -1)
You occasionally lose the ability to read scrolls when taking damage.
You expend health (3 HP) to strengthen your wands.


Message History

The orc priest hits you but does no damage.
The orc priest calls down the wrath of Beogh upon you.
Beogh smites you!
You hit the orc priest.
You feel better.
The orc priest is moderately wounded.
The orc priest closely misses you.
You hit the orc priest but do no damage.
The orc priest is poisoned.
The orc priest is moderately wounded.
The orc priest barely misses you.
You hit the orc priest but do no damage.
The orc priest is moderately wounded.
The orc priest hits you with a +0 club.
You hit the orc priest but do no damage.
The orc priest easily resists.
The orc priest is moderately wounded.
The orc priest looks braver for a moment.
You hit the orc priest.
The orc priest is severely wounded.
The orc priest hits you with a +0 club.
The orc priest looks braver for a moment.
The orc priest hits you but does no damage.
You barely miss the orc priest.
The orc priest is severely wounded.
The orc priest invokes the aid of Beogh against you.
Beogh smites you!
A shower of butterflies erupts from you!
You barely miss the orc priest.
The orc priest is severely wounded.
The orc priest invokes the aid of Beogh against you.
Beogh smites you!
* * * LOW HITPOINT WARNING * * *
A shower of butterflies erupts from you!
You hit the orc priest.
You kill the orc priest!
You swap places.
The orc priest mumbles some strange prayers to Beogh against you.
Beogh smites you!
You die...
Xom snickers!

, * #... *### , ...
,, .># , ^ ... , , *
#.# , * #o. ,, #.#
#.# ###########.# ,
#o# .........##.# #o#
..........##.## ,,
###'##..........#....
#.bb@.............###
#.b..............## *
####.b..b...#######.#
#...bb.###### #.#
#......# ###.# , *
#......# ##...# *
#......#########..###
**
#......##.........#
####.####.........#


You could see an orc priest and 2 orcs.

Vanquished Creatures
  An orc priest (D:3)
  An iguana (D:3)
  3 gnolls
  2 adders (D:2)
  A worm (D:2)
  An orc (D:3)
  4 ball pythons
  3 endoplasms
  5 giant cockroaches
  2 goblins (D:2)
  6 hobgoblins
  9 jackals
  7 kobolds
  4 quokkas
  4 bats (D:1)
  4 frilled lizards
  A rat (D:1)
58 creatures vanquished.

Notes
Turn   | Place    | Note
-------+----------+-------------------------------------------
     0 | D:1      | Xavori the Djinni Chaos Knight began the quest for the Orb.
     0 | D:1      | Reached XP level 1. HP: 20/20 MP: 0/0
    54 | D:1      | Reached XP level 2. HP: 25/25 MP: 0/0
   368 | D:1      | Reached XP level 3. HP: 28/30 MP: 0/0
   368 | D:1      | Learned a level 1 spell: Sting
   561 | D:1      | XOM: silly message
   752 | D:1      | XOM: silly message
   773 | D:1      | XOM: silly message
   790 | D:1      | XOM: scenery: 1 doors close
  1043 | D:2      | XOM: stealth player
  1296 | D:1      | XOM: divination: detect creatures
  1979 | D:1      | XOM: give mutation
  1979 | D:1      | Gained mutation: You passively map a small area around you.
                  | [Xom's grace]
  2124 | D:1      | XOM: stat loss: -1 Dex (13/14)
  3007 | D:1      | XOM: give mutations
  3007 | D:1      | Gained mutation: You are dopey. (Int -2) [Xom's mischief]
  3007 | D:1      | Gained mutation: You occasionally lose the ability to read
                  | scrolls when taking damage. [Xom's mischief]
  3320 | D:1      | XOM: give mutations
  3320 | D:1      | Gained mutation: You are very dopey. (Int -4) [Xom's
                  | mischief]
  3320 | D:1      | Gained mutation: You occasionally shout uncontrollably at
                  | your foes. [Xom's mischief]
  3320 | D:1      | Gained mutation: Armour fits poorly on your strangely
                  | shaped body. [Xom's mischief]
  3320 | D:1      | Gained mutation: You possess an exceptional clarity of
                  | mind. [Xom's mischief]
  3402 | D:1      | XOM: silly message
  3835 | D:1      | XOM: give mutations
  3835 | D:1      | Gained mutation: You are clumsy. (Dex -2) [Xom's mischief]
  3835 | D:1      | Lost mutation: You are clumsy. (Dex -2) [Xom's mischief]
  3835 | D:1      | Lost mutation: Armour fits poorly on your strangely shaped
                  | body. [Xom's mischief]
  4619 | D:1      | XOM: silly message
  5525 | D:1      | XOM: summons 2 hostile demons
  6236 | D:1      | XOM: 1-stop teleportation journey
  6374 | D:1      | XOM is BORED!
  7029 | D:1      | XOM: scenery: summon butterflies
  7261 | D:1      | XOM: noise
  7547 | D:1      | XOM: give mutation
  7547 | D:1      | Gained mutation: You are robust. (+10% HP) [Xom's grace]
  8688 | D:1      | XOM is BORED!
  8688 | D:1      | XOM: give mutations
  8688 | D:1      | Lost mutation: You are very dopey. (Int -4) [Xom's
                  | mischief]
  8688 | D:1      | Gained mutation: You expend health (3 HP) to strengthen
                  | your wands. [Xom's mischief]
  8688 | D:1      | Gained mutation: Your muscles are strong. (Str +4, Int/Dex
                  | -1) [Xom's mischief]
  8712 | D:1      | XOM: god gift: 2 stones
  8798 | D:1      | XOM: give mutations
  8798 | D:1      | Gained mutation: You are partially covered in iridescent
                  | scales. (AC +2) [Xom's grace]
  8798 | D:1      | Gained mutation: You have supernaturally acute eyesight.
                  | (SInv) [Xom's grace]
  8907 | D:1      | XOM: give mutation
  8907 | D:1      | Gained mutation: You are somewhat resistant to further
                  | mutation. [Xom's grace]
  9012 | D:2      | XOM: confuse monster(s)
  9021 | D:2      | Reached skill level 1 in Spellcasting
  9021 | D:2      | Reached skill level 1 in Conjurations
  9021 | D:2      | Reached skill level 1 in Hexes
  9021 | D:2      | Reached skill level 1 in Summonings
  9021 | D:2      | Reached skill level 1 in Necromancy
  9021 | D:2      | Reached skill level 1 in Translocations
  9021 | D:2      | Reached skill level 1 in Transmutations
  9021 | D:2      | Reached skill level 1 in Fire Magic
  9021 | D:2      | Reached skill level 1 in Ice Magic
  9021 | D:2      | Reached skill level 1 in Air Magic
  9021 | D:2      | Reached skill level 1 in Earth Magic
  9021 | D:2      | Reached skill level 1 in Poison Magic
  9068 | D:2      | Reached XP level 4. HP: 38/38 MP: 0/0
  9434 | D:1      | XOM: enchant monster (good)
  9603 | D:2      | Reached XP level 5. HP: 39/44 MP: 0/0
  9603 | D:2      | Learned a level 2 spell: Momentum Strike
  9929 | D:3      | XOM: cleaving
 10103 | D:3      | XOM: butterfly on damage
 10104 | D:3      | XOM: butterfly on damage
 10106 | D:3      | Killed from afar by an orc priest

Illustrated notes

Levels and vault maps discovered:
D:1:      matt_arrival_los_fun, layout_basic, corexii_corridor_pit,
          minmay_misc_feat_plants, minmay_misc_feat_iff
D:2:      layout_basic, dreamdust_princess_bridge
D:3:      layout_basic, zin_scriptorium

Skill      XL: |  1  2  3  4  5 |
---------------+----------------+-----
Long Blades    | 3 |  3.3
Spellcasting   | 1 |  1.7
Conjurations   | 1 |  1.7
Hexes          | 1 |  1.7
Summonings     | 1 |  1.7
Necromancy     | 1 |  1.7
Translocations | 1 |  1.7
Transmutations | 1 |  1.7
Fire Magic     | 1 |  1.7
Ice Magic      | 1 |  1.7
Air Magic      | 1 |  1.7
Earth Magic    | 1 |  1.7
Poison Magic   | 1 |  1.7
Armour         | 2 |  2.3
Dodging        | 3 |  3.2
Fighting       | |  3.7

Action                     |  1- 3 |  4- 6 || total
---------------------------+-------+-------++-------
  Melee: Falchion          |    96 |   105 ||   201
         Punch             |     1 |       ||     1
   Stab: Sleeping          |     1 |     2 ||     3
 Armour: Leather armour    |    70 |    58 ||   128
  Dodge: Dodged            |    65 |    68 ||   133

Table legend: (Time is in decaauts)
 A = Elapsed time spent in this place.
 B = Non-inter-level travel time spent in this place.
 C = Inter-level travel time spent in this place.
 D = Time resting spent in this place.
 E = Time spent auto-exploring this place.
 F = Levels seen in this place.
 G = Mean time per level.
                   A        B        C        D        E       F      G
               +--------+--------+--------+--------+--------+-----+--------+
         Total |  10137 |  10045 |     92 |   8044 |   1560 |   3 | 3379.0 |
       Dungeon |  10137 |  10045 |     92 |   8044 |   1560 |   3 | 3379.0 |
               +--------+--------+--------+--------+--------+-----+--------+

Top non-repeatable levels by time:
     D:1: 8864 daAuts
     D:2: 1085 daAuts
     D:3: 188 daAuts
